Map: Lerilak Crest

Players

Toons

  • Race: Protoss Protoss
  • League: Silver

BlackBolt - Winner!

  • Race: Protoss Protoss

VOD

Have the link to the VOD?

Description

Time

  • Played on: Feb. 1, 2016, 4:58 a.m.
  • Length: 17:35
Show
View Real Time Build Order
Export as new Build Order

Toons Protoss 

Build Orders: 1 Gate Expand 

Get SALT Encoding   

  12  0:01  Probe (Chrono Boost)  
  13  0:12  Probe (Chrono Boost)  
  14  0:18  Pylon  
  14  0:24  Probe (Chrono Boost)  
  15  0:36  Probe (Chrono Boost)  
  15  0:41  Gateway  
  16  0:45  Assimilator  
  16  0:48  Probe (Chrono Boost)  
  17  0:59  Probe (Chrono Boost)  
  18  1:09  Probe (Chrono Boost)  
  19  1:20  Probe (Chrono Boost)  
  20  1:30  Nexus  
  20  1:42  Probe (Chrono Boost)  
  21  1:47  Cybernetics Core  
  21  1:53  Pylon  
  21  1:55  Probe (Chrono Boost)  
  22  2:07  Probe (Chrono Boost)  
  23  2:20  Probe (Chrono Boost)  
  24  2:24  Gateway, Warp Gate (Chrono Boost)  
  24  2:31  Mothership Core (Chrono Boost)  
  26  2:41  Gateway  
  26  2:44  Probe (Chrono Boost)  
  26  2:50  Probe  
  28  2:55  Probe  
  29  3:03  Pylon, Probe  
  29  3:04  Pylon  
  29  3:05  Adept, Probe  
  33  3:17  Probe  
  33  3:19  Assimilator, Probe  
  35  3:24  Adept  
  37  3:28  Stalker  
  39  3:36  Robotics Facility  
  39  3:40  Probe x2  
  41  3:49  Forge  
  41  3:50  Probe  
  41  3:53  Probe  
  43  3:56  Assimilator  
  43  4:02  Probe  
  43  4:05  Probe  
  43  4:09  Gateway  
  45  4:11  Gateway  
  45  4:15  Pylon  
  45  4:18  Probe  
  45  4:20  Probe  
  47  4:28  Stalker x2  
  51  4:34  Probe  
  51  4:35  Probe  
  53  4:44  Probe  
  53  4:47  Probe  
  53  4:49  Stalker  
  57  4:57  Probe  
  57  4:59  Probe, Photon Cannon  
  63  5:22  Photon Cannon  
  63  5:25  Pylon  
  63  5:27  Observer (Chrono Boost)  
  56  5:31  Photon Cannon  
  56  5:32  Photon Cannon  
  56  5:33  Photon Cannon  
  55  5:39  Photon Cannon  
  55  5:51  Observer (Chrono Boost)  
  55  5:53  Stalker x3  
  62  6:01  Probe  
  62  6:02  Probe  
  62  6:20  Pylon  
  62  6:22  Pylon  
  62  6:37  Pylon  
  62  6:38  Probe  
  62  6:39  Assimilator  
  63  6:43  Zealot x5  
  73  6:54  Forge  
  73  6:56  Gateway  
  73  6:59  Probe  
  73  7:00  Probe  
  75  7:09  Probe  
  76  7:15  Stalker  
  76  7:16  Stalker x4  
  86  7:23  Nexus  
  86  7:32  Pylon  
  86  7:33  Pylon  
  85  7:38  Protoss Ground Weapons Level 1 (Chrono Boost)  
  85  7:48  Photon Cannon  
  85  7:52  Photon Cannon  
  85  7:55  Photon Cannon  
  85  7:56  Photon Cannon  
  85  7:57  Probe  
  85  7:58  Probe  
  85  8:03  Pylon  
  87  8:05  Stalker x2  
  87  8:06  Stalker x2  
  95  8:22  Immortal (Chrono Boost)  
  95  8:24  Probe  
  100  8:35  Stalker x3  
  100  8:36  Probe  
  107  8:54  Probe  
  108  8:55  Probe  
  108  8:56  Probe  
  108  8:57  Twilight Council  
  108  8:59  Assimilator  
  110  9:03  Assimilator  
  110  9:15  Immortal  
  110  9:18  Probe x2  
  116  9:29  Robotics Facility, Gateway  
  116  9:30  Gateway  
  116  9:33  Forge, Probe x2, Protoss Ground Armor Level 1 (Chrono Boost)  
  116  9:36  Photon Cannon  
  118  9:38  Pylon  
  118  9:43  Probe  
  119  9:45  Probe  
  120  9:53  Photon Cannon  
  120  9:54  Probe  
  120  9:55  Probe  
  120  9:56  Pylon  
  122  10:00  Immortal  
  122  10:04  Protoss Ground Weapons Level 2 (Chrono Boost)  
  126  10:22  Immortal  
  126  10:26  Sentry x4  
  138  10:30  Sentry  
  140  10:42  Blink (Chrono Boost)  
  140  10:50  Pylon, Probe  
  140  10:51  Pylon  
  141  11:03  Pylon  
  141  11:04  Pylon  
  141  11:08  Probe, Immortal  
  146  11:15  Photon Cannon  
  146  11:17  Protoss Ground Armor Level 2  
  146  11:20  Immortal  
  150  11:28  Robotics Bay  
  150  11:31  Pylon  
  150  11:32  Stalker x3  
  154  11:33  Stalker x4  
  154  11:34  Stalker  
  166  11:54  Templar Archives  
  166  12:03  Gateway  
  166  12:06  Gateway  
  166  12:08  Pylon  
  166  12:09  Pylon, Zealot x4  
  166  12:10  Zealot x3, Protoss Ground Weapons Level 3  
  180  12:40  Nexus  
  180  12:47  Immortal, Disruptor  
  186  12:53  Psionic Storm  
  186  12:59  High Templar x5  
  196  13:26  Pylon  
  196  13:28  Pylon  
  196  13:29  Pylon  
  196  13:32  Assimilator  
  196  13:37  Assimilator  
  196  13:47  Protoss Ground Armor Level 3  
  91  14:31  Stalker  
  91  14:32  Stalker x6  
  91  14:33  Stalker x3  
  107  14:56  Stalker x4  
  107  14:57  Stalker x4  
  107  14:58  Stalker x2  
  125  15:23  Stalker  
  125  15:24  Stalker x3  
  125  15:25  Stalker x3  
  135  15:36  Stalker  
  135  15:37  Stalker x2  
  141  15:49  Disruptor x2  
  147  16:02  Zealot x4  
  147  16:03  Zealot x2  
  159  16:12  Stalker x2, Nexus  
  159  16:13  Stalker x2  
  167  16:21  Pylon  
  167  16:22  Pylon  
  167  16:28  Photon Cannon  
  167  16:31  Photon Cannon  
  158  16:41  Stalker  
  158  16:42  Stalker x5  
  114  16:56  Stalker x2  
  114  16:57  Stalker x2  
  94  17:09  Stalker x2  
  94  17:10  Stalker x3  
  102  17:20  Stalker x2  
  102  17:21  Stalker x2  
Show
View Real Time Build Order
Export as new Build Order

BlackBolt Protoss - Winner!

Build Orders: Zealot Archon, Dark Templar Rush 

Get SALT Encoding   

  12  0:06  Probe (Chrono Boost)  
  13  0:17  Probe (Chrono Boost)  
  13  0:21  Pylon  
  14  0:27  Probe (Chrono Boost)  
  15  0:40  Probe (Chrono Boost)  
  16  0:48  Gateway  
  16  0:51  Probe (Chrono Boost)  
  17  1:01  Probe (Chrono Boost)  
  18  1:12  Probe (Chrono Boost)  
  18  1:13  Assimilator  
  18  1:17  Assimilator  
  19  1:19  Pylon  
  19  1:22  Probe (Chrono Boost)  
  20  1:33  Probe (Chrono Boost)  
  20  1:37  Cybernetics Core  
  21  1:43  Probe (Chrono Boost)  
  23  1:54  Probe (Chrono Boost)  
  23  2:04  Probe (Chrono Boost)  
  23  2:05  Assimilator  
  24  2:14  Stalker (Chrono Boost)  
  24  2:15  Probe (Chrono Boost), Warp Gate (Chrono Boost)  
  27  2:27  Probe  
  28  2:39  Probe  
  28  2:40  Pylon  
  28  2:43  Adept (Chrono Boost)  
  31  2:52  Nexus  
  31  3:02  Twilight Council  
  31  3:06  Probe  
  32  3:18  Probe  
  33  3:30  Probe  
  34  3:39  Pylon  
  34  3:42  Probe, Dark Shrine  
  34  3:44  Gateway  
  34  3:46  Gateway  
  35  3:55  Probe, Charge  
  36  4:05  Probe  
  36  4:07  Probe  
  38  4:11  Assimilator  
  38  4:14  Assimilator  
  38  4:15  Probe  
  38  4:19  Probe  
  40  4:26  Probe  
  40  4:27  Pylon  
  40  4:31  Probe  
  42  4:37  Probe  
  43  4:42  Pylon  
  43  4:43  Probe  
  43  4:47  Probe  
  44  4:55  Probe, Dark Templar x2  
  44  4:56  Dark Templar  
  44  4:58  Probe  
  52  5:07  Probe  
  52  5:08  Probe  
  54  5:19  Probe x2  
  56  5:29  Probe  
  56  5:31  Probe  
  58  5:46  Dark Templar x3  
  64  5:50  Probe  
  63  6:02  Probe  
  60  6:08  Gateway  
  60  6:10  Gateway  
  60  6:11  Nexus  
  60  6:13  Gateway  
  60  6:15  Probe  
  60  6:17  Pylon  
  61  6:19  Pylon  
  61  6:20  Pylon  
  61  6:23  Pylon  
  61  6:24  Pylon, Zealot x2  
  61  6:25  Zealot  
  67  6:27  Probe  
  67  6:30  Archon  
  68  6:39  Robotics Facility, Probe  
  69  6:47  Pylon  
  69  6:49  Probe  
  70  6:59  Probe  
  71  7:02  Forge  
  71  7:04  Dark Templar x2  
  71  7:05  Forge, Dark Templar x2  
  71  7:07  Zealot  
  81  7:10  Probe x2  
  83  7:15  Archon  
  83  7:16  Archon  
  83  7:20  Zealot  
  83  7:22  Probe  
  86  7:27  Observer, Pylon  
  87  7:34  Probe  
  88  7:39  Pylon  
  88  7:41  Protoss Shields Level 1 (Chrono Boost), Protoss Ground Weapons Level 1 (Chrono Boost)  
  88  7:43  Pylon  
  88  7:48  Probe  
  88  7:50  Assimilator  
  89  7:56  Assimilator  
  89  7:58  Probe  
  89  8:03  Stargate  
  89  8:05  Stargate  
  90  8:06  Templar Archives  
  90  8:08  Pylon  
  90  8:10  Pylon  
  90  8:13  Pylon  
  90  8:22  Dark Templar x4  
  90  8:23  Zealot x2  
  102  8:27  Probe  
  102  8:29  Observer  
  102  8:32  Archon x2  
  104  8:39  Protoss Air Weapons Level 1, Probe  
  105  8:51  Gateway  
  105  8:54  Void Ray  
  105  8:55  Gateway  
  109  8:56  Gateway x2  
  109  8:57  Void Ray  
  113  9:04  High Templar x2  
  113  9:05  Zealot x2  
  113  9:08  Archon  
  113  9:09  Zealot  
  123  9:10  Zealot  
  123  9:29  Nexus  
  123  9:30  Pylon  
  123  9:34  Protoss Ground Weapons Level 2 (Chrono Boost)  
  123  9:35  Protoss Shields Level 2 (Chrono Boost)  
  123  9:44  Void Ray  
  127  9:52  Zealot x4  
  135  9:57  Gateway  
  135  9:58  Gateway  
  135  10:02  Photon Cannon  
  135  10:05  Photon Cannon  
  135  10:17  Void Ray, Fleet Beacon  
  135  10:20  High Templar x2  
  143  10:23  Zealot  
  143  10:25  Zealot  
  143  10:26  Archon  
  147  10:35  Void Ray  
  147  10:39  Probe  
  152  10:44  High Templar  
  152  10:45  High Templar, Zealot x2  
  152  10:48  Archon, Zealot  
  162  10:50  Probe  
  163  11:00  Assimilator, Probe  
  163  11:03  Void Ray  
  163  11:04  Assimilator, Protoss Air Weapons Level 2 (Chrono Boost)  
  168  11:11  Probe  
  168  11:13  Zealot  
  168  11:14  Zealot x3  
  177  11:19  Protoss Ground Weapons Level 3  
  177  11:21  Probe  
  177  11:22  High Templar  
  177  11:23  High Templar, Pylon  
  177  11:25  Protoss Shields Level 3  
  182  11:27  Archon  
  182  11:29  Pylon  
  182  11:32  Probe  
  183  11:42  Probe  
  184  11:49  Observer  
  184  11:53  Probe  
  186  12:03  Void Ray x2, Probe  
  195  12:14  Probe  
  195  12:17  High Templar x2  
  195  12:19  Nexus  
  195  12:21  Pylon  
  200  12:29  Archon  
  200  12:32  Robotics Bay  
  200  12:33  Pylon  
  200  12:34  Pylon  
  200  12:36  Pylon  
  199  12:55  Nexus  
  199  12:56  Pylon  
  199  12:58  Robotics Facility  
  199  13:01  Pylon  
  199  13:02  Robotics Facility  
  199  13:08  Pylon x2, Probe  
  199  13:10  Pylon  
  200  13:14  Pylon  
  200  13:17  Pylon  
  200  13:20  Extended Thermal Lance  
  200  13:21  Pylon  
  200  13:34  Gateway  
  200  13:35  Gateway  
  200  13:38  Gateway x2  
  200  13:43  Pylon  
  200  13:46  Pylon  
  200  13:48  Pylon  
  200  14:01  Pylon  
  200  14:06  Pylon  
  200  14:22  Stalker x2  
  200  14:23  Stalker x5  
  200  14:24  Stalker x4  
  192  14:25  Stalker  
  196  14:45  Blink  
  196  14:49  Protoss Ground Armor Level 1  
  196  14:58  Pylon  
  196  15:04  Pylon  
  196  15:08  Protoss Air Weapons Level 3 (Chrono Boost)  
  196  15:09  Pylon  
  196  15:12  Observer Gravitic Boosters  
  196  15:15  Pylon  
  182  15:38  High Templar x2  
  182  15:39  High Templar x4  
  182  15:40  High Templar x2  
  182  15:42  Dark Templar  
  200  15:50  Archon x2  
  200  15:51  Archon  
  200  15:52  Archon  
  200  16:00  Stargate x2  
  200  16:04  Stargate  
  200  16:09  Stargate  
  200  16:14  Assimilator  
  200  16:19  Assimilator  
  200  16:25  Assimilator  
  200  16:26  Nexus  
  200  16:28  Pylon  
  200  16:29  Assimilator  
  200  16:31  Assimilator, Photon Cannon  
  198  16:34  Photon Cannon  
  198  16:37  Assimilator  
  198  16:39  Pylon, Photon Cannon  
  186  16:43  Pylon  
  186  16:44  High Templar x4  
  186  16:45  High Templar x2  
  186  16:46  Zealot x6  
  186  16:47  Zealot x4  
  182  16:48  Pylon  
  182  16:51  Pylon  
  172  16:56  Archon x2  
  172  16:57  Archon  
  146  17:33  Zealot x4  
  146  17:34  Zealot x6  
  146  17:35  Zealot x2  
Tags
 
Composition
Zealot Archon
League
Silver
Matchup
PvP
Replay Pack
toons-pack1
Add a new tag
Caveats
  • Supply blocks, unpowered buildings, or Contaminate may cause inaccurate times.
  • Supply counts are checked every 10 seconds.